 Dungeon Crawl Stone Soup version 0.31-a0-844-gdc52ec4e09 (webtiles) character file.

Game seed: 7150428086074983065

23340 Kurtz the Cleaver (level 13, -11/93 HPs)
             Began as an Octopode Fighter on Sept 30, 2023.
             Was an Initiate of Gozag.
             Mangled by an efreet
             ... wielding a +1 scimitar of flaming
              (12 damage)
             ... on level 12 of the Dungeon.
             The game lasted 00:25:33 (12931 turns).

Kurtz the Cleaver (Octopode Fighter)               Turns: 12931, Time: 00:25:33

Health: -11/93     AC:  1    Str: 16    XL:     13   Next: 6%
Magic:  13/13      EV: 17    Int: 17    God:    Gozag
Gold:   862        SH:  6    Dex: 15    Spells: 12/12 levels left

rFire   x . .        i - +3 war axe (heavy)
rCold   + . .        b - +0 buckler
rNeg    . . .        (helmet restricted)
rPois   .            e - amulet of regeneration
rElec   .            d - +6 ring of intelligence
rCorr   .            u - ring of willpower
SInv    .            m - ring of ice
Will    +....        (no ring)
Stlth   +++++        (no ring)
HPRegen 1.15/turn    (no ring)
MPRegen 0.13/turn    (no ring)
                     (no ring)

%: no passive effects
@: no status effects
A: almost no armour, amphibious, 8 rings, camouflage 1, gelatinous body 1,
(nimble swimmer 1), tentacles
a: Renounce Religion, Potion Petition, Call Merchant, Bribe Branch


You were on level 12 of the Dungeon.
You worshipped Gozag.
Gozag was pleased with you.
You visited 3 branches of the dungeon, and saw 15 of its levels.
You also visited: Bailey.

You collected 3157 gold pieces.
You spent 439 gold pieces at shops.
You paid 1856 gold pieces to Gozag.

Inventory:

Hand Weapons
 i - a +3 heavy war axe (weapon)
 o - a +2 heavy flail
 L - a +2 morningstar
Missiles
 f - 38 poisoned darts (quivered)
 I - 7 atropa-tipped darts
Armour
 b - a +0 buckler (worn)
Jewellery
 d - a +6 ring of intelligence (left tentacle)
 e - an amulet of regeneration (around mantle)
 m - a ring of ice (on tentacle)
 u - a ring of willpower (right tentacle)
Wands
 t - a wand of quicksilver (6)
 B - a wand of roots (25)
 C - a wand of polymorph (11)
Scrolls
 g - 2 scrolls of vulnerability
 k - 3 scrolls of revelation
 l - 3 scrolls of fear
 p - 2 scrolls of brand weapon
 q - 2 scrolls of blinking
 r - 7 scrolls of enchant armour
 y - a scroll of summoning {unknown}
 z - 2 scrolls of amnesia
 A - 4 scrolls of poison
 D - 6 scrolls of teleportation
 E - a scroll of enchant weapon
 G - 4 scrolls of immolation {unknown}
 J - 2 scrolls of silence {unknown}
 R - 2 scrolls of noise {unknown}
Potions
 a - a potion of degeneration {unknown}
 c - 2 potions of ambrosia
 h - 6 potions of curing
 j - a potion of attraction
 n - 3 potions of brilliance
 s - a potion of mutation
 H - a potion of haste
 M - 2 potions of resistance
 Q - a potion of magic


   Skills:
 + Level 10.7 Fighting
 * Level 14.7 Axes
 + Level 9.1 Dodging
 - Level 7.6 Stealth
 - Level 7.6 Shields


You had 12 spell levels left.
You didn't know any spells.
Your spell library contained the following spells:

 Spells                   Type           Power      Damage    Failure   Level
 Summon Small Mammal      Summ           0%         N/A       28%         1
 Cigotuvi's Dreadful Rot  Necr/Pois/Air  0%         N/A       41%         2
 Sublimation of Blood     Necr           0%         N/A       41%         2
 Call Canine Familiar     Summ           0%         N/A       65%         3
 Dazzling Flash           Conj/Hex       0%         N/A       65%         3
 Ignite Poison            Fire/Tmut/Pois 0%         N/A       65%         3
 Summon Guardian Golem    Hex/Summ       0%         N/A       65%         3
 Petrify                  Tmut/Erth      0%         N/A       96%         4
 Summon Lightning Spire   Summ/Air       0%         N/A       96%         4
 Vhi's Electric Charge    Tloc/Air       0%         N/A       96%         4
 Agony                    Necr           0%         N/A       100%        5
 Arcjolt                  Conj/Air       0%         1d10      100%        5
 Freezing Cloud           Conj/Ice/Air   0%         6-21      100%        5
 Irradiate                Conj/Tmut      0%         3d11      100%        5
 Lee's Rapid Deconstruct  Erth           0%         3d4*      100%        5
 Silence                  Hex/Air        0%         N/A       100%        5
 Plasma Beam              Fire/Air       0%         2x1d10    100%        6
 Orb of Destruction       Conj           0%         9d5       100%        7
 Spellforged Servitor     Conj/Summ      0%         N/A       100%        7
 Animate Armour           Summ/Erth      Unusable   N/A       N/A         4

Dungeon Overview and Level Annotations

Branches:
Dungeon (12/15)            Temple (0/1) D:7            Lair (2/5) D:9
    Orc (1/2) D:10         Bailey (visited)
  Swamp: Lair:2-3    Shoals: Lair:2-3     Snake: Lair:2-3    Spider: Lair:2-3

Altars:
Cheibriados
Dithmenos
Gozag
Kikubaaqudgha
Makhleb
Ru
Sif Muna
Uskayaw
Vehumet
Yredelemnul
Zin
The Shining One

Shops:
D:6 ?   Lair:1 ([

Annotations:
D:8 3 runed translucent doors, Lysca's ghost, novice DsCj; croobank's ghost, novice GnDe
D:10 Snorg
D:11 3 runed translucent doors, thriggle's ghost, journeyman GnWn


Innate Abilities, Weirdness & Mutations

You cannot wear most types of armour.
You are amphibious.
You can wear up to eight rings at the same time.
Your skin changes colour to match your surroundings (Stealth+).
Your rubbery body absorbs attacks. (AC +1, EV +1)
((You are camouflaged when in or above water. (Stealth+)))
You have tentacles for arms and can constrict up to eight enemies at once.


Message History

An efreet comes into view.
It is wielding a +1 scimitar of flaming.
You see here 3 gold pieces.
An efreet is nearby!
An efreet is nearby!
You hit the efreet.
You tentacle-slap the efreet, but do no damage.
You squeeze the efreet, but do no damage.
The efreet is lightly wounded.
You block the efreet's attack.
Unknown command.
You hit the efreet.
The efreet is moderately wounded.
The efreet hits you with a +1 scimitar of flaming!
The efreet burns you!
You slash the efreet! Your squeeze misses the efreet.
The efreet is severely wounded.
The efreet closely misses you.
You barely miss the efreet. You squeeze the efreet.
The efreet is severely wounded.
The efreet hits you with a +1 scimitar of flaming!
The efreet burns you. The efreet gestures at you.
The fireball explodes!
The fireball engulfs you!!! The fire burns you terribly!
The fireball engulfs the efreet.
The efreet completely resists.
You barely miss the efreet.
The efreet is severely wounded.
The efreet closely misses you.
You barely miss the efreet.
The efreet is severely wounded.
The efreet hits you with a +1 scimitar of flaming!
* * * LOW HITPOINT WARNING * * *
The efreet burns you!
* * * LOW HITPOINT WARNING * * *
Unknown command.
You feel better.
The efreet hits you with a +1 scimitar of flaming!!
* * * LOW HITPOINT WARNING * * *
The efreet burns you!
You die...
Your body crumbles into a pile of gold.

###.###.....#
#.......# #.# #..##.#
##...##### #.#
##..#.####..### ###.#
#.........### .##.#
#.#....>....# ..#.#
#.##........# #.#.#
#.##........# #...#
#.#.........#
#...####........@..#
##...........####R...#
..............# ....#
.#.#####...##.# ....#
##.# #.### .# ....#
...# ###.### .. ....#
#..# #.....# ### ....#
.## #.....# ....# #.
#....[#


You could see an efreet.

Vanquished Creatures
  Fannar (Lair:1)
  2 two-headed ogres
  Pikel (D:7)
  2 orc sorcerers
  2 manticores
  2 cyclopes
  Maurice (D:12)
  A black mamba (Lair:2)
  A gargoyle (D:12)
  An unseen horror (D:11)
  2 cane toads
  4 komodo dragons
  2 rime drakes (Lair:1)
  3 trolls
  A hornet (D:11)
  Grinder (D:5)
  A shadow (D:11)
  6 spriggans (Bailey)
  34 yaks
  4 wyverns
  Grum (D:8)
  2 basilisks
  3 steam dragons
  10 vampire mosquitoes
  An acid dragon (D:11)
  Duvessa (D:5)
  7 water moccasins
  7 orc warriors
  A black bear (D:5)
  A sky beast (D:8)
  4 ice beasts
  6 wolves
  3 ogres
  6 centaurs
  2 lemures (D:7)
  4 kobold brigands
  2 gnoll sergeants
  5 scorpions
  4 bullfrogs
  5 wights (D:9)
  Dowan (D:5)
  4 killer bees (D:7)
  2 electric eels (Lair:1)
  2 howler monkeys (D:12)
  10 orc priests
  A gnoll bouda (D:9)
  5 hounds
  An iguana (D:5)
  Natasha (thrice) (D:4)
  Ijyb (D:5)
  12 orc wizards
  An adder (D:2)
  11 gnolls
  5 shadow imps
  2 white imps
  5 ufetubi
  3 dart slugs
  28 orcs
  3 endoplasms
  5 giant cockroaches
  14 goblins
  8 hobgoblins
  4 jackals (D:2)
  A quokka (D:5)
  6 ball pythons
  5 bats
  2 frilled lizards
  29 kobolds
  6 rats
327 creatures vanquished.

Notes
Turn   | Place    | Note
-------+----------+-------------------------------------------
     0 | D:1      | Kurtz the Octopode Fighter began the quest for the Orb.
     0 | D:1      | Reached XP level 1. HP: 16/16 MP: 1/1
   346 | D:1      | Reached XP level 2. HP: 21/21 MP: 2/2
   772 | D:2      | Reached skill level 3 in Axes
   788 | D:2      | Noticed an eye of devastation
   789 | D:2      | Found a faded altar of an unknown god.
   853 | D:2      | Reached XP level 3. HP: 26/26 MP: 3/3
  1078 | D:2      | Noticed a golden eye
  1085 | D:2      | Noticed a golden eye
  1085 | D:2      | Noticed a floating eye
  1091 | D:2      | Reached skill level 4 in Axes
  1209 | D:3      | Reached XP level 4. HP: 31/31 MP: 4/4
  1329 | D:3      | Found a snail-covered altar of Cheibriados.
  1677 | D:4      | Noticed Natasha
  1684 | D:4      | Killed Natasha
  1727 | D:4      | Reached skill level 5 in Axes
  1727 | D:4      | Reached XP level 5. HP: 31/36 MP: 5/5
  1848 | D:4      | Noticed Natasha
  1852 | D:4      | Killed Natasha
  1877 | D:4      | Noticed Natasha
  1892 | D:4      | Killed Natasha
  2300 | D:4      | Found an ancient bone altar of Kikubaaqudgha.
  2318 | D:4      | Reached skill level 6 in Axes
  2372 | D:5      | Entered Level 5 of the Dungeon
  2400 | D:5      | Noticed a black bear
  2407 | D:5      | Killed a black bear
  2408 | D:5      | Reached XP level 6. HP: 42/42 MP: 6/6
  2468 | D:5      | Noticed Ijyb
  2477 | D:5      | Killed Ijyb
  2534 | D:5      | Reached skill level 7 in Axes
  2549 | D:5      | Reached XP level 7. HP: 46/46 MP: 7/7
  2687 | D:5      | Noticed Grinder
  2693 | D:5      | Killed Grinder
  2694 | D:5      | Reached skill level 8 in Axes
  2700 | D:5      | Found a sacrificial altar of Ru.
  2700 | D:5      | Noticed Dowan
  2702 | D:5      | Noticed Duvessa
  2721 | D:5      | Killed Duvessa
  2737 | D:5      | Reached skill level 9 in Axes
  2737 | D:5      | Reached XP level 8. HP: 52/52 MP: 8/8
  2741 | D:5      | Killed Dowan
  2955 | D:5      | Noticed a wyvern
  2959 | D:5      | Killed a wyvern
  3184 | D:5      | Found a burning altar of Makhleb.
  3184 | D:5      | Noticed a balrug
  3226 | D:6      | Found a glowing golden altar of the Shining One.
  3235 | D:6      | Reached skill level 10 in Axes
  3292 | D:6      | Found an opulent altar of Gozag.
  3300 | D:6      | Became a worshipper of Gozag Ym Sagoz the Greedy
  3472 | D:6      | Found Felitoed's Magic Scroll Shoppe.
  3490 | D:6      | Bought a scroll of teleportation for 36 gold pieces
  3490 | D:6      | Bought a scroll of identify for 24 gold pieces
  3490 | D:6      | Bought a scroll of enchant weapon for 90 gold pieces
  3630 | D:6      | Found a glowing silver altar of Zin.
  3630 | D:6      | Found a shimmering blue altar of Sif Muna.
  3631 | D:6      | Found a shadowy altar of Dithmenos.
  3924 | D:6      | Reached skill level 1 in Stealth
  4035 | D:7      | Reached XP level 9. HP: 50/57 MP: 9/9
  4051 | D:7      | Found a flagged portal.
  4064 | Bailey   | Entered a bailey
  4113 | Bailey   | Reached skill level 11 in Axes
  4218 | Bailey   | Noticed a two-headed ogre
  4235 | Bailey   | Killed a two-headed ogre
  4276 | Bailey   | Reached skill level 5 in Dodging
  4276 | Bailey   | Reached XP level 10. HP: 50/65 MP: 10/10
  4290 | Bailey   | Reached skill level 5 in Fighting
  4300 | Bailey   | Reached skill level 12 in Axes
  4504 | D:7      | Found a staircase to the Ecumenical Temple.
  4806 | D:7      | Identified the +1 cloak of Plog {MP+9}
  4838 | D:7      | Reached skill level 5 in Shields
  5407 | D:8      | Noticed a cyclops
  5433 | D:8      | Killed a cyclops
  5457 | D:8      | Identified the +5 quarterstaff of Disarray {venom, rCorr
                  | Dex+3}
  5552 | D:8      | Noticed Grum
  5651 | D:8      | Found a runed translucent gate.
  5654 | D:8      | Found a runed translucent gate.
  5655 | D:8      | Found a runed translucent gate.
  5695 | D:8      | Reached skill level 5 in Stealth
  5806 | D:8      | Killed Grum
  6105 | D:8      | Noticed Lysca's ghost (novice DsCj)
  6105 | D:8      | Noticed croobank's ghost (novice GnDe)
  6120 | D:7      | Noticed Pikel
  6127 | D:7      | Killed Pikel
  6128 | D:7      | Reached XP level 11. HP: 39/75 MP: 11/11
  6459 | D:9      | Found a basalt altar of Yredelemnul.
  6605 | D:9      | Found a staircase to the Lair.
  6675 | D:9      | Found a hide-covered altar of Uskayaw.
  6911 | D:10     | Entered Level 10 of the Dungeon
  6916 | D:10     | Noticed a manticore
  6930 | D:10     | Killed a manticore
  6931 | D:10     | Found a staircase to the Orcish Mines.
  7252 | D:10     | Noticed a two-headed ogre
  7264 | D:10     | Killed a two-headed ogre
  7554 | D:10     | Reached skill level 13 in Axes
  7609 | D:10     | Noticed Snorg
  8180 | Lair:1   | Entered Level 1 of the Lair of Beasts
  8217 | Lair:1   | Noticed Fannar
  8233 | Lair:1   | Killed Fannar
  8284 | Lair:1   | Found a radiant altar of Vehumet.
  8897 | Lair:1   | Reached XP level 12. HP: 51/85 MP: 12/12
  9815 | Lair:2   | Identified the +0 pair of gloves "Jisteunt" {Drain rPois
                  | Int+4 SInv}
  9981 | Lair:2   | Noticed a five-headed hydra
 10082 | Orc:1    | Entered Level 1 of the Orcish Mines
 10592 | Lair:1   | Bought a runed war axe for 169 gold pieces
 10613 | Lair:2   | Reached skill level 10 in Fighting
 11208 | D:6      | Bought a scroll of identify for 24 gold pieces
 11208 | D:6      | Bought a scroll of amnesia for 48 gold pieces
 11209 | D:6      | Bought a scroll of poison for 48 gold pieces
 11452 | D:11     | Found a runed translucent gate.
 11452 | D:11     | Found a runed translucent gate.
 11452 | D:11     | Found a runed translucent gate.
 11651 | D:11     | Paralysed by a hornet for 3 turns
 11745 | D:11     | Noticed thriggle's ghost (journeyman GnWn)
 11981 | D:12     | Reached skill level 14 in Axes
 12483 | D:12     | Noticed Maurice
 12492 | D:12     | Maurice stole a +2 morningstar
 12493 | D:12     | Killed Maurice
 12731 | D:12     | Reached XP level 13. HP: 93/93 MP: 13/13
 12931 | D:12     | HP: 1/93 [efreet/+1 scimitar of flaming (19)]
 12931 | D:12     | Mangled by an efreet

Illustrated notes

Levels and vault maps discovered:
D:1:      dpeg_arrival_arbitrary_a, layout_loops_ring, kennysheep_another_room
D:2:      layout_rooms, hellmonk_ecumenical_altar_watching_god
D:3:      layout_basic, mainiacjoe_overflow_surrounded_room, grunt_decor_cap
D:4:      layout_gridville, kennysheep_mini_moat, serial_demonic,
          serial_demonic_c, serial_demonic_b, serial_demonic_e,
          serial_demonic_e, serial_demonic_g, serial_demonic_g,
          serial_demonic_f, serial_demonic_g, serial_demonic_e,
          serial_demonic_e, uniq_natasha
D:5:      layout_loops_ring, makhleb_altar_promises_db,
          nicolae_ru_great_annihilating_truth, uniq_grinder, uniq_ijyb,
          uniq_duvessa
D:6:      layout_rooms, grunt_gozag_breadcrumbs,
          chequers_temple_overflow_statue_of_worship, serial_shops, shop
D:7:      layout_loops_ring, minmay_temple_entry_statues_fountains,
          enter_bailey_3, uniq_pikel
D:8:      layout_cave_pools, gammafunk_ghost_cemetery, grunt_ministairs_8,
          minmay_sticks_and_stones, uniq_grum
D:9:      layout_cave_pools, mainiacjoe_overflow_catwalk,
          mainiacjoe_overflow_24_doors, lair_entry_dummy
D:10:     layout_basic, orc_0_dummy, uniq_snorg
D:11:     layout_stronghold, serial_column_ruins, column_ruins_open_small,
          column_ruins_open_tiny, column_ruins_columns_dead_end,
          column_ruins_open_large, column_ruins_columns_straight,
          column_ruins_open_tiny_water, gammafunk_ghost_icy,
          minmay_misc_feat_plants
D:12:     layout_rooms, uniq_maurice
Lair:1:   layout_chaotic_city, basic_altar, chequers_serial_rivers_large_b,
          infiniplex_staircase_pool, serial_bayou_shore_a, uniq_fannar
Lair:2:   layout_misc_corridors, elwin_shoals_entry_stream, st_stairs_13,
          beast_lair_carwin_1
Orc:1:    layout_caves

Skill      XL: |  1  2  3  4  5  6  7  8  9 10 11 12 |
---------------+-------------------------------------+-----
Axes           | 3 4 5 6 7 9 10 11 12 13 14 | 14.7
Stealth        | 1 3 5 6 7 |  7.6
Dodging        | 5 6 7 9 |  9.1
Fighting       | 4 7 9 10 | 10.7
Shields        | 4 5 6 7 |  7.6

Action                     |  1- 3 |  4- 6 |  7- 9 | 10-12 | 13-15 || total
---------------------------+-------+-------+-------+-------+-------++-------
  Melee: War axe           |    59 |    64 |       |   106 |    20 ||   249
         Constrict         |    15 |    17 |    22 |    76 |     1 ||   131
         Tentacles         |    12 |    15 |    19 |   166 |     9 ||   221
         Hand axe          |       |    12 |   119 |   556 |       ||   687
         Punch             |       |       |     4 |    12 |     1 ||    17
  Throw: Dart              |       |     2 |     6 |    67 |     4 ||    79
         Javelin           |       |       |     5 |    21 |       ||    26
         Throwing net      |       |       |       |     2 |       ||     2
 Invoke: Call Merchant     |       |       |       |     2 |       ||     2
  Evoke: Wand              |       |       |    13 |     5 |       ||    18
    Use: Potion            |       |     1 |     6 |    13 |     1 ||    21
         Scroll            |       |       |     7 |    12 |     1 ||    20
   Stab: Sleeping          |     4 |     7 |     5 |    19 |       ||    35
         Invisible         |       |       |       |     2 |       ||     2
         Held in net/web   |       |       |       |     2 |       ||     2
         Distracted        |       |       |       |       |     1 ||     1
 Armour: Skin              |    28 |    40 |    61 |   247 |    10 ||   386
  Dodge: Dodged            |    29 |    58 |    46 |   309 |     4 ||   446
  Block: Buckler           |     6 |    11 |    23 |   112 |     4 ||   156

Table legend: (Time is in decaauts)
 A = Elapsed time spent in this place.
 B = Non-inter-level travel time spent in this place.
 C = Inter-level travel time spent in this place.
 D = Time resting spent in this place.
 E = Time spent auto-exploring this place.
 F = Levels seen in this place.
 G = Mean time per level.
                   A        B        C        D        E       F      G
               +--------+--------+--------+--------+--------+-----+--------+
         Total |  12878 |  11688 |   1190 |   2062 |   6785 |  16 |  804.9 |
       Dungeon |  10161 |   9161 |   1000 |   1370 |   5752 |  12 |  846.8 |
          Lair |   2000 |   1832 |    168 |    559 |    797 |   2 | 1000.0 |
  Orcish Mines |    395 |    375 |     20 |     81 |    195 |   1 |  395.0 |
        Bailey |    320 |    320 |      0 |     52 |     41 |   1 |  320.0 |
               +--------+--------+--------+--------+--------+-----+--------+

Top non-repeatable levels by time:
  Lair:1: 1578 daAuts
    D:10: 1328 daAuts
    D:11: 1131 daAuts
     D:7: 1012 daAuts
     D:5: 989 daAuts
    D:12: 918 daAuts
     D:8: 913 daAuts
     D:4: 808 daAuts
     D:1: 775 daAuts
     D:9: 771 daAuts
     D:6: 564 daAuts
     D:3: 496 daAuts
     D:2: 451 daAuts
  Lair:2: 422 daAuts
   Orc:1: 395 daAuts
